 Dungeon Crawl Stone Soup version 0.24-a0-639-gb70a11d811 (webtiles) character file.

Game seed: 2353468579449177603, levelgen mode: deterministic

1491874 dxctxrx the Omniscient (level 27, 236/236 HPs)
             Began as a Gnoll Earth Elementalist on Sept 20, 2019.
             Was the Champion of Ashenzari.
             Escaped with the Orb
             ... and 3 runes on Sept 21, 2019!
             The game lasted 06:11:11 (89412 turns).

dxctxrx the Omniscient (Gnoll Earth Elementalist)  Turns: 89412, Time: 06:11:12

Health: 236/236    AC: 30    Str: 17    XL:     27
Magic:  40/40      EV: 30    Int: 21    God:    Ashenzari [******]
Gold:   1413       SH: 26    Dex: 25    Spells: 24/61 levels left

rFire    + + .     SeeInvis +   U - +5 broad axe (vamp)
rCold    + + .     Gourm    .   t - +5 shield {AC+3} (curse)
rNeg     + . .     Faith    .   N - +5 scale mail {rC+} (curse)
rPois    +         Spirit   .   (no helmet)
rElec    +         Reflect  +   C - +2 cloak {+Inv} (curse)
rCorr    .         Harm     .   H - +1 pair of gloves
MR       +++++     Clarity  +   X - -1 pair of boots "Ludutew" {rF+} (curse)
Stlth    ++........             o - +5 amulet of reflection (curse)
HPRegen  0.89/turn              w - ring "Muciam" {rF+ rC+ Dex+3 SInv}
MPRegen  0.27/turn              k - ring "Ariamij" {rElec rN+ MR+++ Dex+3 Stlth-} (curse)

@: deflect missiles
A: distributed training, fangs 1, repulsion field 1, thin metallic scales 2, low
mp 1, poison resistance, regeneration 1, robust 1, strong nose
0: Orb of Zot
}: 3/15 runes: decaying, silver, gossamer
a: Curse Item, Scrying, Renounce Religion, Evoke Invisibility


You escaped.
You worshipped Ashenzari.
Ashenzari was exalted by your worship.
You were full.

You visited 9 branches of the dungeon, and saw 49 of its levels.
You also visited: Bailey.

You collected 6876 gold pieces.
You spent 5463 gold pieces at shops.

Inventory:

Hand Weapons
 a - the +6 double sword of Sulphur {flame, MR+ Str+6}
   (You bought it in a shop on level 2 of the Orcish Mines)

   It has been specially enchanted to burn those struck by it, causing extra
   injury to most foes and up to half again as much damage against particularly
   susceptible opponents.
   Big, fiery blades are also staple armaments of hydra-hunters.
   It affects your strength (+6).
   It affects your resistance to hostile enchantments.
 b - a +9 hand crossbow of velocity
 s - the +7 Singing Sword {slice, sonic wave}
   (You found it on level 13 of the Dungeon)

   It inflicts extra damage upon your enemies.
 T - the +6 rapier of the Tundras {antimagic, MR+}
   (You took it off a deep elf blademaster on level 1 of the Elven Halls)

   It reduces the magical energy of the wielder, and disrupts the spells and
   magical abilities of those hit.
   Natural abilities and divine invocations are not affected.
   It affects your resistance to hostile enchantments.
 U - a +5 vampiric broad axe (weapon)
Missiles
 i - 1574 arrows
 M - 6 throwing nets (quivered) {=f}
 O - 9 javelins
 Q - 17 stones
 R - 1512 bolts
Armour
 t - a cursed +5 shield of protection (worn)
 C - a cursed +2 cloak of invisibility (worn)
 H - a +1 pair of gloves (worn)
 N - a cursed +5 scale mail of cold resistance (worn)
 P - a cursed +2 helmet of intelligence
 X - the cursed -1 pair of boots "Ludutew" (worn) {rF+}
   (You found it on level 12 of the Dungeon)

   It protects you from fire.
   It has a curse placed upon it.
Jewellery
 j - a +5 ring of protection
 k - the cursed ring "Ariamij" (right hand) {rElec rN+ MR+++ Dex+3 Stlth-}
   (You found it on level 2 of the Depths)

   [ring of dexterity]

   It affects your dexterity (+3).
   It insulates you from electricity.
   It protects you from negative energy.
   It affects your resistance to hostile enchantments.
   It makes you less stealthy.
   It has a curse placed upon it.
 o - a cursed +5 amulet of reflection (around neck)
 w - the ring "Muciam" (left hand) {rF+ rC+ Dex+3 SInv}
   (You bought it in a shop on level 2 of the Orcish Mines)

   [ring of dexterity]

   It affects your dexterity (+3).
   It protects you from fire.
   It protects you from cold.
   It lets you see invisible.
 E - an uncursed ring of resist corrosion
Wands
 h - a wand of enslavement (18)
 r - a wand of paralysis (29)
 y - a wand of digging (6)
 D - a wand of disintegration (48)
 G - a wand of iceblast (20)
 S - a wand of acid (20)
Scrolls
 e - 5 scrolls of fear
 g - 28 scrolls of identify
 l - a scroll of silence {!r}
 m - 12 scrolls of teleportation
 n - 11 scrolls of remove curse
 p - 9 scrolls of immolation {!r}
 u - a scroll of magic mapping
 A - a scroll of summoning
Potions
 c - 7 potions of cancellation
 d - a potion of agility
 v - 5 potions of heal wounds
 z - 2 potions of haste
 B - 8 potions of lignification {!q}
 F - 3 potions of mutation {!q}
 K - 13 potions of ambrosia
 V - 6 potions of curing
 Y - 8 potions of brilliance
 Z - 5 potions of magic
Miscellaneous
 q - a lamp of fire
 x - a sack of spiders
 J - a phial of floods
 L - a lightning rod (4/4)
 W - a phantom mirror
Comestibles
 f - 38 rations


   Skills:
 + Level 17.2 Fighting
 + Level 17.2 Short Blades
 + Level 17.2 Long Blades
 + Level 17.2 Axes
 + Level 17.2 Maces & Flails
 + Level 17.2 Polearms
 + Level 17.2 Staves
 + Level 17.2 Slings
 + Level 17.2 Bows
 + Level 17.2 Crossbows
 + Level 17.2 Throwing
 + Level 17.2(19.6) Armour
 + Level 17.6(20.0) Dodging
 + Level 17.6 Stealth
 + Level 17.2(19.6) Shields
 + Level 17.2 Unarmed Combat
 + Level 17.7 Spellcasting
 + Level 14.8(17.4) Conjurations
 + Level 14.8(17.4) Hexes
 + Level 14.8(17.4) Charms
 + Level 14.8(17.4) Summonings
 + Level 14.8(17.4) Necromancy
 + Level 14.8(17.4) Translocations
 + Level 15.0(17.5) Transmutations
 + Level 14.8(17.4) Fire Magic
 + Level 14.8(17.4) Ice Magic
 + Level 14.8(17.4) Air Magic
 + Level 15.6(18.1) Earth Magic
 + Level 14.8(17.4) Poison Magic
 + Level 18.5 Invocations
 + Level 17.2(19.6) Evocations


You had 24 spell levels left.
You knew the following spells:

 Your Spells              Type           Power        Failure   Level  Hunger
a - Apportation           Tloc           ######       0%          1    None
b - Airstrike             Air            #######...   1%          4    None
c - Confuse               Hex            #######.     0%          3    None
d - Sticks to Snakes      Tmut           #######.     0%          2    None
e - Summon Lightning Spi  Summ/Air       #######.     1%          4    None
f - Deflect Missiles      Chrm/Air       #######...   1%          6    ####...
g - Regeneration          Chrm/Necr      #######...   0%          3    None
h - Statue Form           Tmut/Erth      #######..    1%          6    ####...
i - Petrify               Tmut/Erth      #######.     1%          4    None
k - Blink                 Tloc           N/A          0%          2    None
p - Passwall              Tmut/Erth      #######.     0%          2    None

Your spell library contained the following spells:

 Spells                   Type           Power        Failure   Level  Hunger
 Animate Skeleton         Necr           N/A          0%          1    None
 Beastly Appendage        Tmut           ######       0%          1    None
 Confusing Touch          Hex            ######       0%          1    None
 Flame Tongue             Conj/Fire      #####        0%          1    None
 Freeze                   Ice            ####         0%          1    None
 Infusion                 Chrm           ####         0%          1    None
 Magic Dart               Conj           ####         0%          1    None
 Pain                     Necr           ####         0%          1    None
 Sandblast                Erth           ######       0%          1    None
 Shock                    Conj/Air       ####         0%          1    None
 Sting                    Conj/Pois      ####         0%          1    None
 Summon Butterflies       Summ           #######.     0%          1    None
 Summon Small Mammal      Summ           ####         0%          1    None
 Call Imp                 Summ           #######.     0%          2    None
 Poisonous Vapours        Pois/Air       ######       0%          2    None
 Searing Ray              Conj           ######       0%          2    None
 Shroud of Golubria       Chrm/Tloc      ######       0%          2    None
 Slow                     Hex            #######.     0%          2    None
 Song of Slaying          Chrm           #######.     0%          2    None
 Swiftness                Chrm/Air       #######.     0%          2    None
 Throw Frost              Conj/Ice       ######       0%          2    None
 Call Canine Familiar     Summ           #######.     0%          3    None
 Conjure Flame            Conj/Fire      #######.     0%          3    None
 Dazzling Spray           Conj/Hex       ######       0%          3    None
 Gell's Gravitas          Tloc           #######...   0%          3    None
 Ignite Poison            Fire/Tmut/Pois #######.     0%          3    None
 Inner Flame              Hex/Fire       #######.     0%          3    None
 Lesser Beckoning         Tloc           #######...   0%          3    None
 Mephitic Cloud           Conj/Pois/Air  #######.     0%          3    None
 Ozocubu's Armour         Chrm/Ice       #######.     0%          3    None
 Portal Projectile        Hex/Tloc       ######       0%          3    None
 Spectral Weapon          Hex/Chrm       #######.     0%          3    None
 Spider Form              Tmut/Pois      #######...   0%          3    None
 Static Discharge         Conj/Air       #######.     0%          3    None
 Stone Arrow              Conj/Erth      ######       0%          3    None
 Summon Guardian Golem    Hex/Summ       #######.     0%          3    None
 Vampiric Draining        Necr           #######...   0%          3    None
 Animate Dead             Necr           N/A          1%          4    None
 Cause Fear               Hex            #######...   1%          4    None
 Force Lance              Conj/Tloc      #######.     1%          4    None
 Fulminant Prism          Conj/Hex       #######...   1%          4    None
 Ice Form                 Ice/Tmut       #######.     1%          4    None
 Iskenderun's Mystic Bla  Conj           #######.     1%          4    None
 Olgreb's Toxic Radiance  Pois           #######.     1%          4    None
 Sticky Flame             Conj/Fire      #######.     1%          4    None
 Summon Ice Beast         Ice/Summ       #######.     1%          4    None
 Throw Icicle             Conj/Ice       #######.     1%          4    None
 Blade Hands              Tmut           #######...   1%          5    ##.....
 Bolt of Magma            Conj/Fire/Erth #######...   1%          5    ##.....
 Fireball                 Conj/Fire      #######...   1%          5    ##.....
 Lee's Rapid Deconstruct  Erth           #######...   1%          5    ##.....
 Lightning Bolt           Conj/Air       #######...   1%          5    ##.....
 Metabolic Englaciation   Hex/Ice        #######...   1%          5    ##.....
 Silence                  Hex/Air        #######...   1%          5    ##.....
 Summon Mana Viper        Hex/Summ       #######.     1%          5    ##.....
 Yara's Violent Unravell  Hex/Tmut       #######...   1%          5    ##.....
 Bolt of Cold             Conj/Ice       #######...   1%          6    ####...
 Bolt of Fire             Conj/Fire      #######...   1%          6    ####...
 Dispersal                Tloc           #######...   1%          6    ####...
 Invisibility             Hex            #######.     1%          6    ####...
 Iron Shot                Conj/Erth      #######...   1%          6    ####...
 Ozocubu's Refrigeration  Ice            #######...   1%          6    ####...
 Ring of Flames           Chrm/Fire      #######...   4%          7    ######.
 Summon Hydra             Summ           #######...   4%          7    ######.
 Discord                  Hex            #######...   30%         8    #######
 Ignition                 Fire           #######...   30%         8    #######


Dungeon Overview and Level Annotations

Branches:
Dungeon (15/15)            Temple (0/1) D:4            Lair (6/6) D:9
  Swamp (4/4) Lair:2       Spider (4/4) Lair:3        Slime (0/5) Lair:5
    Orc (2/2) D:12            Elf (3/3) Orc:2        Vaults (5/5) D:13
  Crypt (0/3) Vaults:2     Depths (5/5) D:15            Zot (5/5) Depths:5
 Bailey (visited)

Altars:
Ashenzari
Cheibriados
Gozag
Kikubaaqudgha
Makhleb
Nemelex Xobeh
Okawaru
Qazlal
Sif Muna
Trog
Uskayaw
Vehumet
Wu Jian
Zin
The Shining One
Beogh
Jiyva

Shops:
D:4 :(*   D:8 (   Orc:2 *[(=(%(*   Elf:2 [   Vaults:1 (   Vaults:3 ?
Vaults:4 }   Depths:3 =}}   Depths:4 *

Portals:
Hell: Depths:1 Depths:2 Depths:3 Depths:4 Depths:5
Abyss: Depths:4
Pandemonium: Depths:3 Depths:4
Ziggurat: Depths:4
Trove: Depths:4 (give +4 storm dragon scales)

Annotations:
Spider:3 3 runed translucent doors, Irihav's ghost, adept GrFi
Elf:2 3 runed translucent doors
Depths:2 exclusion: 2 obsidian statues
Zot:5 exclusions: obsidian statue and 1 more exclusion


Innate Abilities, Weirdness & Mutations

Your experience applies equally to all skills.
You have very sharp teeth.
Your uncanny sense of smell can sniff out nearby items.
You are surrounded by a mild repulsion field. (EV +2)
You are mostly covered in thin metallic scales. (AC +3)
Your magical capacity is low. (-10% MP)
Your system is resistant to poisons. (rPois)
Your natural rate of healing is unusually fast.
You are robust. (+10% HP)


Message History

Something hits your lightning spire but does no damage.
There is a stone staircase leading up here.
You climb upwards.
There is a stone staircase leading down here.
(D) Dungeon (T) Temple (L) Lair (S) Swamp (N) Spider Nest (M) Slime Pits (O) Orcish Mines (E) Elven Halls (V) Vaults (C) Crypt (U) Depths (H) Hell (Z) Zot
Where to? (Enter - D:1 @ (x,y), ? - help) Magic restored.
There is a stone staircase leading up here.
You climb upwards.
There is a stone staircase leading down, spattered with blood here.
You see here a +0 whip.
There is a stone staircase leading up here.
You climb upwards.
There is a stone staircase leading down here.
There is a staircase leading out of the dungeon here.
There is a staircase leading out of the dungeon here.
You have escaped!

#)# #..... #.# #..... #.#
#..... #.# #..... #.#
#...## #.# ##### #...#. #.#
####...#### #...##
#.####.........#######.....
#.........@.........##....#
######.........####....#..#
####...#### ####.#... #####
#.#.>. #.##.. #.##.. #....#
######


There were no monsters in sight!

Vanquished Creatures
  4 orbs of fire (Zot:5)
  6 ancient liches
  Boris (Depths:5)
  2 Killer Klowns (Zot:5)
  Bai Suzhen (Swamp:3)
  Xtahua (Vaults:2)
  A curse toe (Zot:5)
  the Lernaean hydra (Swamp:4)
  6 golden dragons
  2 electric golems (Zot:5)
  6 tentacled monstrosities
  6 liches
  28 Orb Guardians
  3 deep elf blademasters (Elf:1)
  5 quicksilver dragons
  2 deep elf master archers (Elf:1)
  4 titans (Vaults:5)
  An ancient champion (Vaults:3)
  4 death cobs
  A sphinx (Depths:5)
  2 thorn hunters
  7 storm dragons
  The ghost of Wisiby the Severer, an adept MiBe of Trog (D:15)
  4 shadow dragons
  Donald (Vaults:3)
  3 tengu reavers
  Roxanne (Swamp:4)
  3 draconian scorchers
  3 draconian monks
  The ghost of Aghide the Severer, a journeyman DDFi of Makhleb (Elf:1)
  8 fire giants
  5 draconian knights
  5 deep elf sorcerers
  4 emperor scorpions
  3 orc warlords
  5 iron dragons
  9 frost giants
  3 ghost moths
  5 draconian shifters
  18 vault wardens
  Louise (D:15)
  6 draconian annihilators
  6 deep elf elementalists
  6 war gargoyles
  A spriggan defender (Depths:4)
  7 ironheart preservers
  9 very ugly things
  A blood saint (D:9)
  7 entropy weavers
  Nessos (D:15)
  13 stone giants
  2 vampire knights (Depths:4)
  5 deep elf demonologists
  4 green draconians
  8 deep elf annihilators
  2 black draconians
  A black sun (D:9)
  4 red draconians
  2 pale draconians (Depths:5)
  6 white draconians
  6 spark wasps
  7 purple draconians
  The ghost of Gassoqo the Basher, a journeyman GrGl of Okawaru (Lair:5)
  The ghost of bmj180 the Severer, a journeyman HOFi of Kikubaaqudgha (D:11)
  5 yellow draconians
  6 deep elf death magi
  14 crystal guardians (Depths:2)
  3 ettins (Vaults:5)
  Josephine (Orc:1)
  A green death (D:9)
  11 yaktaur captains
  3 fire dragons
  4 deep elf high priests
  4 great orbs of eyes
  A merfolk impaler (Depths:4)
  A hydra (shapeshifter) (Depths:2)
  2 rakshasas
  31 vault guards
  8 ice dragons
  15 hydras
  A shambling mangrove (Swamp:3)
  A death knight (Vaults:3)
  The ghost of Jabberih the Spear-Bearer, a journeyman MfGl of Fedhas (Lair:2)
  4 spriggan air magi
  Erica (Orc:1)
  12 alligators
  2 ghost crabs (Swamp:4)
  10 ogre magi
  5 centaur warriors
  20 dancing weapons
  32 two-headed ogres
  2 hell hogs
  6 tengu warriors
  A queen ant (shapeshifter) (Depths:2)
  A vampire mage (Vaults:2)
  An orc high priest (Depths:5)
  3 deep troll earth magi
  3 spriggan berserkers
  8 deep troll shamans
  2 titan zombies
  A soul eater (D:9)
  11 deep elf knights
  A titan skeleton (Vaults:5)
  2 shock serpents
  The ghost of feelmyfire the Slicer, a novice HaGl of Uskayaw (D:8)
  3 shadow wraiths
  A skeletal warrior (Vaults:2)
  2 iron trolls (Depths:5)
  A golden dragon zombie (Depths:4)
  A fire crab (shapeshifter) (Vaults:1)
  13 hell knights
  A storm dragon skeleton (Vaults:3)
  3 unseen horrors
  A torturous demonspawn (D:9)
  3 flayed ghosts
  7 swamp dragons
  2 wizards
  27 deep trolls
  10 deep elf archers
  4 tengu zombies
  4 phantasmal warriors
  5 glowing orange brains
  3 obsidian statues
  2 swamp dragons (shapeshifter)
  12 necromancers
  17 ironbrand convokers
  2 harpies (Vaults:3)
  7 orb spiders
  28 wolf spiders
  2 fauns (shapeshifter) (Depths:2)
  3 mana vipers (shapeshifter)
  12 orc knights
  A cyclops (shapeshifter) (Depths:2)
  2 wolf spiders (shapeshifter)
  9 wolf spider zombies (Spider:1)
  40 deep elf magi
  4 orc sorcerers
  24 ugly things
  8 elephants
  7 cyclopes
  A black mamba (Lair:6)
  13 moths of wrath
  14 vault sentinels
  3 molten gargoyles (Depths:2)
  7 gargoyles
  A torpor snail (Lair:6)
  A spiny frog (shapeshifter) (Vaults:1)
  20 spiny frogs
  22 yaktaurs
  A tormentor (Depths:5)
  7 freezing wraiths
  2 komodo dragons
  13 demonic crawlers
  5 redback zombies (Spider:1)
  2 tengu conjurers (Depths:4)
  27 jumping spiders
  3 trolls
  A tyrant leech (shapeshifter) (Depths:2)
  A queen bee (D:11)
  An elf skeleton (Depths:4)
  A meliai (shapeshifter) (Vaults:4)
  2 polar bears
  A wind drake (Depths:2)
  19 hornets
  2 polar bears (shapeshifter)
  2 meliai (D:15)
  Grinder (D:6)
  A raiju (shapeshifter) (D:15)
  A merfolk (shapeshifter) (Vaults:1)
  10 tyrant leeches
  10 bog bodies
  46 slime creatures
  16 tarantella zombies (Spider:1)
  4 hippogriffs
  A dream sheep (shapeshifter) (Depths:1)
  14 blink frogs
  A hippogriff (shapeshifter) (Depths:3)
  Prince Ribbit (D:8)
  A dream sheep (D:10)
  3 shadows
  A centaur simulacrum (D:15)
  An ettin skeleton (Vaults:3)
  10 air elementals
  34 tarantellas
  20 yaks
  Sigmund (D:6)
  2 wraiths
  A redback (shapeshifter) (Depths:4)
  47 redbacks
  8 spriggans
  4 wyverns
  A tarantella (shapeshifter) (Vaults:1)
  17 water elementals
  9 fire elementals
  4 steam dragons
  5 basilisks
  A golden eye (shapeshifter) (Elf:1)
  16 wolves
  8 vampire mosquitoes
  3 hungry ghosts
  10 swamp worms
  4 wargs
  8 insubstantial wisps
  2 nagas (Depths:4)
  A hell hound (Depths:1)
  An elf zombie (Vaults:1)
  An acid dragon (shapeshifter) (Vaults:5)
  3 acid dragons (Depths:5)
  A floating eye (shapeshifter) (Depths:2)
  A porcupine (shapeshifter) (Depths:2)
  8 water moccasins
  4 porcupines
  An ice beast (shapeshifter) (Elf:1)
  9 swamp drakes
  5 ice beasts
  8 black bears
  36 orc warriors
  An ettin simulacrum (Vaults:1)
  An eye of draining (D:13)
  6 sky beasts
  28 ogres
  2 phantoms
  A boggart (Vaults:1)
  20 centaurs
  A yaktaur zombie (Vaults:1)
  8 crocodiles
  A big kobold (shapeshifter) (Depths:2)
  7 big kobolds
  Blork the orc (D:6)
  25 bullfrogs
  8 earth elementals
  A glowing shapeshifter simulacrum (Vaults:3)
  4 scorpions
  22 killer bees
  9 wights
  4 howler monkeys
  2 bullfrog zombies
  A centaur zombie (D:5)
  4 crimson imps
  Crazy Yiuf (D:3)
  A human simulacrum (Vaults:3)
  4 hounds
  5 jellies
  25 orc wizards
  5 centaur skeletons
  11 orc priests
  6 iguanas
  Jessica (D:2)
  2 bullfrog skeletons
  Terence (D:2)
  11 worker ants
  10 gnolls
  13 adders
  4 shadow imps
  A white imp (Depths:3)
  2 adder zombies
  2 worms (D:3)
  9 ball lightnings (Depths:2)
  3 dart slugs (D:1)
  4 leopard geckos
  96 orcs
  2 ball pythons
  5 giant cockroaches
  20 goblins
  4 hobgoblins
  19 jackals
  5 quokkas
  28 bats
  10 frilled lizards
  33 kobolds
  A leopard gecko skeleton (D:7)
  9 rats
  A crawling corpse (Elf:3)
1885 creatures vanquished.

Vanquished Creatures (collateral kills)
  An ancient lich (Zot:5)
  Frederick (Vaults:3)
  Margery (Vaults:5)
  A curse toe (Zot:5)
  Jory (Vaults:2)
  Arachne (Spider:2)
  A lich (Vaults:1)
  A tentacled monstrosity (Vaults:5)
  Asterion (Vaults:3)
  2 deep elf blademasters (Elf:3)
  Frances (Swamp:2)
  Agnes (Spider:3)
  A thorn hunter (Swamp:4)
  A frost giant (Vaults:5)
  Aizul (Swamp:4)
  A vault warden (Vaults:1)
  2 fire giants
  3 deep elf sorcerers
  2 emperor scorpions (Spider:4)
  2 ironheart preservers (Vaults:2)
  3 entropy weavers
  A stone giant (Vaults:5)
  2 deep elf demonologists (Elf:3)
  A dire elephant (Lair:6)
  A yaktaur captain (Vaults:1)
  A great orb of eyes (Depths:1)
  An ice dragon (Vaults:2)
  2 vault guards (Vaults:5)
  4 ogre magi
  4 hydras
  2 alligators
  A death yak (Lair:6)
  6 centaur warriors
  6 two-headed ogres
  An alligator (shapeshifter) (D:15)
  3 tengu warriors (D:15)
  A deep troll earth mage (Depths:1)
  2 deep elf knights (Elf:2)
  A small abomination (Elf:3)
  4 spriggans
  3 hell knights
  A glowing orange brain (Vaults:5)
  A deep troll (Vaults:1)
  A swamp dragon (Swamp:4)
  A harpy (Vaults:3)
  A phantasmal warrior (Vaults:5)
  6 deep elf archers
  3 ironbrand convokers (Vaults:3)
  15 deep elf magi
  2 wolf spider zombies
  2 necromancers
  4 orc knights
  7 orb spiders
  7 wolf spiders
  A stone giant zombie (Vaults:3)
  2 ugly things
  An orc sorcerer (Orc:2)
  A cyclops (Orc:2)
  An eye of devastation (shapeshifter) (Depths:1)
  5 elephants
  3 black mambas
  14 spiny frogs
  A freezing wraith (Vaults:2)
  A torpor snail (Lair:6)
  A rime drake (Lair:6)
  A yaktaur (Vaults:1)
  2 komodo dragons
  A tengu conjurer (D:15)
  A troll (D:15)
  3 polar bears
  2 tyrant leeches
  12 jumping spiders
  9 hornets
  2 meliai
  7 slime creatures
  4 bog bodies
  A dream sheep (D:10)
  10 blink frogs
  4 hippogriffs
  3 wraiths
  A wyvern (Lair:6)
  9 tarantellas
  A vampire (D:15)
  10 yaks
  25 redbacks
  A basilisk (Lair:3)
  5 vampire mosquitoes
  2 swamp worms
  A warg (Vaults:4)
  An acid dragon (Vaults:2)
  8 water moccasins
  4 porcupines
  A floating eye (Depths:3)
  6 hell hounds (Depths:1)
  2 swamp drakes
  28 orc warriors
  An eye of draining (D:13)
  9 ogres
  2 black bears (Lair:1)
  2 boggarts (Vaults:2)
  26 wolves
  10 centaurs
  5 crocodiles
  7 bullfrogs
  2 wights (D:12)
  A crimson imp (D:9)
  A bullfrog zombie (D:13)
  5 orc wizards
  A gnoll shaman (D:6)
  6 orc priests
  2 gnolls (D:6)
  35 orcs
  3 bats (Orc:2)
  A goblin (D:11)
  6 kobolds
  A crawling corpse (Elf:3)
  2 fungi
453 creatures vanquished.

Vanquished Creatures (others)
  2 deep elf master archers (Elf:3)
  2 fire giants
  An ironheart preserver (Vaults:4)
  A stone giant (Vaults:5)
  A white draconian (Zot:5)
  5 yaktaur captains
  A centaur warrior (Vaults:1)
  2 two-headed ogres (Vaults:5)
  3 dancing weapons (Depths:2)
  A deep troll earth mage (Depths:4)
  A deep elf knight (Elf:2)
  A deep troll (Vaults:3)
  A glowing orange brain (Depths:2)
  3 deep elf archers
  A deep elf mage (Vaults:3)
  A molten gargoyle (Depths:2)
  13 yaktaurs
  A jumping spider (Spider:4)
  4 polar bears (Lair:1)
  A yak (Lair:1)
  A fire elemental (Depths:2)
  4 insubstantial wisps
  An orc warrior (Vaults:1)
  A boggart (Vaults:2)
  A centaur (Vaults:1)
  A wolf (Lair:1)
  A crocodile (Lair:1)
  A big kobold (D:10)
  An electric eel (Lair:2)
  A bush (Lair:6)
  20 fungi
  49 plants
  2 withered plants (D:15)
130 creatures vanquished.

Grand Total: 2468 creatures vanquished

Notes
Turn   | Place    | Note
-------+----------+-------------------------------------------
     0 | D:1      | dxctxrx the Gnoll Earth Elementalist began the quest for
                  | the Orb.
     0 | D:1      | Reached XP level 1. HP: 13/13 MP: 6/6
   129 | D:1      | Reached XP level 2. HP: 11/19 MP: 1/7
   252 | D:1      | Learned a level 2 spell: Passwall
   689 | D:1      | Reached XP level 3. HP: 19/25 MP: 9/9
   691 | D:1      | Reached skill level 5 in Spellcasting
  1338 | D:1      | Reached skill level 1 in Invocations
  1355 | D:1      | Learned a level 3 spell: Stone Arrow
  1406 | D:1      | Reached skill level 1 in Fighting
  1406 | D:1      | Reached skill level 1 in Short Blades
  1406 | D:1      | Reached skill level 1 in Long Blades
  1406 | D:1      | Reached skill level 1 in Axes
  1406 | D:1      | Reached skill level 1 in Maces & Flails
  1406 | D:1      | Reached skill level 1 in Polearms
  1406 | D:1      | Reached skill level 1 in Staves
  1406 | D:1      | Reached skill level 1 in Slings
  1406 | D:1      | Reached skill level 1 in Bows
  1406 | D:1      | Reached skill level 1 in Crossbows
  1406 | D:1      | Reached skill level 1 in Throwing
  1406 | D:1      | Reached skill level 1 in Armour
  1406 | D:1      | Reached skill level 1 in Shields
  1406 | D:1      | Reached skill level 1 in Unarmed Combat
  1406 | D:1      | Reached skill level 1 in Evocations
  1818 | D:2      | Found a shimmering blue altar of Sif Muna.
  1823 | D:2      | Reached XP level 4. HP: 32/32 MP: 11/11
  2116 | D:2      | Found an ornate altar of the Wu Jian Council.
  2252 | D:2      | Found an opulent altar of Gozag.
  2253 | D:2      | Found a glowing silver altar of Zin.
  2349 | D:2      | Found a sparkling altar of Nemelex Xobeh.
  2352 | D:2      | Noticed Terence
  2360 | D:2      | Killed Terence
  2360 | D:2      | Reached skill level 1 in Conjurations
  2360 | D:2      | Reached skill level 1 in Hexes
  2360 | D:2      | Reached skill level 1 in Charms
  2360 | D:2      | Reached skill level 1 in Summonings
  2360 | D:2      | Reached skill level 1 in Necromancy
  2360 | D:2      | Reached skill level 1 in Translocations
  2360 | D:2      | Reached skill level 1 in Fire Magic
  2360 | D:2      | Reached skill level 1 in Ice Magic
  2360 | D:2      | Reached skill level 1 in Air Magic
  2360 | D:2      | Reached skill level 1 in Poison Magic
  2553 | D:2      | Noticed Jessica
  2557 | D:2      | Killed Jessica
  2557 | D:2      | Reached XP level 5. HP: 37/37 MP: 12/12
  2633 | D:2      | Found a hide-covered altar of Uskayaw.
  2634 | D:2      | Found a glowing golden altar of the Shining One.
  3250 | D:3      | Learned a level 1 spell: Magic Dart
  3411 | D:3      | Learned a level 2 spell: Sticks to Snakes
  3458 | D:3      | Found a runed translucent door.
  3459 | D:3      | Noticed Crazy Yiuf
  3469 | D:3      | Killed Crazy Yiuf
  3469 | D:3      | Reached XP level 6. HP: 44/44 MP: 3/13
  3643 | D:3      | Reached skill level 2 in Invocations
  3940 | D:4      | Found Tenohor's Weapon Boutique.
  3940 | D:4      | Found Istroothro's Book Emporium.
  3977 | D:4      | Reached skill level 5 in Dodging
  4177 | D:4      | Found a shattered altar of Ashenzari.
  4188 | D:4      | Became a worshipper of Ashenzari the Shackled
  4206 | D:4      | Found Dawueriez's General Store.
  4216 | D:4      | Bought a scroll of teleportation for 42 gold pieces
  4308 | D:4      | Found a bloodstained altar of Trog.
  4552 | D:4      | Reached XP level 7. HP: 46/50 MP: 9/15
  4785 | D:4      | Found a staircase to the Ecumenical Temple.
  5010 | D:5      | Entered Level 5 of the Dungeon
  5106 | D:5      | Found an iron altar of Okawaru.
  5905 | D:5      | Reached skill level 5 in Stealth
  6044 | D:5      | Reached skill level 3 in Invocations
  6063 | D:5      | Reached XP level 8. HP: 34/57 MP: 11/16
  6491 | D:6      | Noticed Sigmund
  6619 | D:6      | Noticed Blork the orc
  6631 | D:6      | Killed Blork the orc
  6882 | D:6      | Killed Sigmund
  7187 | D:6      | Noticed Grinder
  7202 | D:6      | Reached skill level 4 in Invocations
  7495 | D:6      | Killed Grinder
  7495 | D:6      | Reached XP level 9. HP: 65/65 MP: 14/18
  7685 | D:6      | Reached * piety under Ashenzari
  8336 | D:7      | Learned a level 2 spell: Blink
  8341 | D:7      | Learned a level 4 spell: Petrify
  9056 | D:8      | Noticed a two-headed ogre
  9535 | D:7      | HP: 3/65 [killer bee (9)]
  9829 | D:8      | Found a stormy altar of Qazlal.
  9845 | D:8      | Killed a two-headed ogre
  9845 | D:8      | Reached skill level 5 in Invocations
  9845 | D:8      | Reached XP level 10. HP: 23/73 MP: 10/20
 10119 | D:8      | Noticed Prince Ribbit
 10131 | D:8      | Killed Prince Ribbit
 10327 | D:8      | Noticed feelmyfire's ghost (novice HaGl)
 10334 | D:8      | Identified a scroll of acquirement
 10335 | D:8      | Found a transporter.
 10347 | D:8      | Noticed a moth of wrath
 10590 | D:8      | Found an ancient bone altar of Kikubaaqudgha.
 10615 | D:8      | Found a transporter.
 10685 | D:8      | Reached skill level 5 in Fighting
 10685 | D:8      | Reached skill level 5 in Short Blades
 10685 | D:8      | Reached skill level 5 in Long Blades
 10685 | D:8      | Reached skill level 5 in Axes
 10685 | D:8      | Reached skill level 5 in Maces & Flails
 10685 | D:8      | Reached skill level 5 in Polearms
 10685 | D:8      | Reached skill level 5 in Staves
 10685 | D:8      | Reached skill level 5 in Slings
 10685 | D:8      | Reached skill level 5 in Bows
 10685 | D:8      | Reached skill level 5 in Crossbows
 10685 | D:8      | Reached skill level 5 in Throwing
 10685 | D:8      | Reached skill level 5 in Armour
 10685 | D:8      | Reached skill level 5 in Shields
 10685 | D:8      | Reached skill level 5 in Unarmed Combat
 10685 | D:8      | Reached skill level 5 in Evocations
 10730 | D:8      | Found Zoor's Weapon Shoppe.
 10803 | D:8      | Found a burning altar of Makhleb.
 10806 | D:8      | Noticed a green death
 11137 | D:9      | Noticed an obsidian statue
 11143 | D:9      | Noticed a sixfirhy
 11651 | D:8      | Learned a level 3 spell: Confuse
 11660 | D:9      | Found a staircase to the Lair.
 12175 | D:9      | Reached skill level 5 in Transmutations
 12595 | D:8      | Reached skill level 6 in Invocations
 13622 | D:9      | Noticed a sun demon
 13623 | D:9      | Noticed a sixfirhy
 13935 | D:9      | Noticed an orange demon
 14007 | D:9      | Noticed a sixfirhy
 14152 | D:9      | Killed an obsidian statue
 14152 | D:9      | Reached XP level 11. HP: 69/81 MP: 20/22
 14307 | D:10     | Entered Level 10 of the Dungeon
 14307 | D:10     | Noticed a two-headed ogre
 14780 | D:9      | Learned a level 5 spell: Lee's Rapid Deconstruction
 15031 | D:10     | Killed a two-headed ogre
 15286 | D:10     | Reached skill level 5 in Conjurations
 15286 | D:10     | Reached skill level 5 in Hexes
 15286 | D:10     | Reached skill level 5 in Charms
 15286 | D:10     | Reached skill level 5 in Summonings
 15286 | D:10     | Reached skill level 5 in Necromancy
 15286 | D:10     | Reached skill level 5 in Translocations
 15286 | D:10     | Reached skill level 5 in Fire Magic
 15286 | D:10     | Reached skill level 5 in Ice Magic
 15286 | D:10     | Reached skill level 5 in Air Magic
 15286 | D:10     | Reached skill level 5 in Poison Magic
 15745 | D:10     | Noticed a three-headed hydra
 15750 | D:10     | Killed a one-headed hydra
 16235 | D:10     | Reached ** piety under Ashenzari
 16614 | D:4      | Bought a book of Callings for 390 gold pieces
 16844 | Lair:1   | Entered Level 1 of the Lair of Beasts
 16851 | Lair:1   | Reached skill level 7 in Invocations
 17668 | Lair:1   | Reached XP level 12. HP: 47/89 MP: 3/24
 17847 | Lair:1   | Learned a level 4 spell: Summon Lightning Spire
 18944 | Lair:2   | Found a staircase to the Swamp.
 19343 | Lair:2   | Found a runed translucent door.
 19367 | Lair:2   | Noticed an eight-headed hydra
 19375 | Lair:2   | Killed an eight-headed hydra
 20170 | Lair:2   | Noticed Jabberih's ghost (journeyman MfGl)
 21053 | Lair:3   | Reached skill level 8 in Invocations
 21564 | Lair:3   | Found a hole to the Spider Nest.
 21574 | Lair:3   | Reached *** piety under Ashenzari
 22956 | Lair:4   | Noticed a spriggan rider
 23548 | Lair:4   | Reached XP level 13. HP: 95/98 MP: 24/26
 24526 | Lair:4   | Got the uncursed robe "Itum" {rElec rCorr Dex+6 Stlth-}
 24537 | Lair:4   | Identified the +2 robe "Itum" {rElec rCorr Dex+6 Stlth-}
                  | (You found it on level 4 of the Lair of Beasts)
 25279 | Lair:5   | Found a viscous altar of Jiyva.
 25279 | Lair:5   | Found a staircase to the Slime Pits.
 25433 | Lair:5   | Found a runed translucent gate.
 25433 | Lair:5   | Found a runed translucent gate.
 25433 | Lair:5   | Found a runed translucent gate.
 25433 | Lair:5   | Noticed Gassoqo's ghost (journeyman GrGl)
 25436 | Lair:5   | Got the cursed battleaxe of Desperation {freeze, rF- rN+
                  | Int+4}
 26023 | Lair:6   | Entered Level 6 of the Lair of Beasts
 26083 | Lair:6   | Reached skill level 9 in Invocations
 26890 | Lair:6   | Reached **** piety under Ashenzari
 26900 | Lair:6   | Got the cursed ring mail "Ritykh" {MR- Str+6}
 27745 | Lair:6   | Reached skill level 10 in Spellcasting
 27908 | Lair:6   | Reached XP level 14. HP: 106/106 MP: 21/28
 28247 | Lair:6   | Learned a level 4 spell: Airstrike
 28330 | Lair:6   | Noticed a dire elephant
 28351 | Lair:6   | Killed a dire elephant
 29593 | D:11     | Reached skill level 10 in Dodging
 29759 | D:11     | Found a flagged portal.
 29814 | Bailey   | Entered a bailey
 31023 | D:11     | Found a transporter.
 31023 | D:11     | Noticed bmj180's ghost (journeyman HOFi)
 31027 | D:11     | Found a transporter.
 31039 | D:11     | Found a stormy altar of Qazlal.
 31954 | D:4      | Bought a book of Necromancy for 390 gold pieces
 31962 | D:4      | Learned a level 3 spell: Regeneration
 32286 | D:12     | Found a staircase to the Orcish Mines.
 32325 | D:12     | Found a radiant altar of Vehumet.
 32467 | D:12     | Reached skill level 10 in Stealth
 32592 | D:12     | Reached ***** piety under Ashenzari
 32646 | D:12     | Got the uncursed pair of boots "Ludutew" {rF+}
 32652 | D:12     | Identified the -1 pair of boots "Ludutew" {rF+} (You found
                  | it on level 12 of the Dungeon)
 33414 | D:13     | Found a runed translucent door.
 33449 | D:13     | Found the +7 Singing Sword {slice, sonic wave}
 33597 | D:13     | Reached skill level 10 in Invocations
 33630 | D:13     | Identified the Reference Book on Ice
 34230 | D:13     | Found a snail-covered altar of Cheibriados.
 34367 | D:13     | Found a gate to the Vaults.
 35053 | D:15     | Entered Level 15 of the Dungeon
 35204 | D:15     | Noticed Louise
 35212 | D:15     | Killed Louise
 35270 | D:15     | Noticed Nessos
 35284 | D:15     | Killed Nessos
 35426 | D:15     | Reached XP level 15. HP: 99/114 MP: 19/29
 35639 | D:15     | Got the hunting sling of World's End {speed, rElec MR+
                  | Dex+5}
 35640 | D:15     | Identified the +7 hunting sling of World's End {speed,
                  | rElec MR+ Dex+5} (You found it on level 15 of the Dungeon)
 35683 | D:15     | Found a runed translucent door.
 35683 | D:15     | Noticed Wisiby's ghost (adept MiBe)
 36208 | D:15     | Found a staircase to the Depths.
 36337 | D:15     | Noticed a fire giant
 36483 | Orc:1    | Entered Level 1 of the Orcish Mines
 36554 | Orc:1    | Noticed Josephine
 36569 | Orc:1    | Killed Josephine
 36652 | Orc:1    | Found a roughly hewn altar of Beogh.
 36786 | Orc:2    | Entered Level 2 of the Orcish Mines
 36786 | Orc:2    | Found Roojag's Jewellery Shoppe.
 36786 | Orc:2    | Found a staircase to the Elven Halls.
 36786 | Orc:2    | Noticed an orc warlord
 37349 | Orc:1    | Killed an orc warlord
 37728 | Orc:1    | Noticed Erica
 37738 | Orc:1    | Killed Erica
 38017 | Orc:2    | Found Gedasosh's Antique Weapon Shop.
 38149 | Orc:2    | Found Wycworek's Armour Shoppe.
 38640 | Orc:2    | Found Amaoboss's Assorted Antiques.
 39195 | Orc:2    | Found Oduqeun's Weapon Shop.
 39195 | Orc:2    | Found Vattot's Food Emporium.
 39205 | Orc:2    | Found Kazas's Magic Scroll Shoppe.
 39207 | Orc:2    | Found Bemem's General Store.
 39275 | Orc:2    | Found Unagid's Weapon Emporium.
 39310 | Orc:2    | Reached skill level 10 in Earth Magic
 39709 | Orc:2    | Bought the +6 double sword of Sulphur {flame, MR+ Str+6}
                  | for 1068 gold pieces
 39751 | Orc:2    | Bought 2 potions of heal wounds for 280 gold pieces
 40510 | D:15     | Killed a fire giant
 40510 | D:15     | Reached skill level 10 in Fighting
 40510 | D:15     | Reached skill level 10 in Short Blades
 40510 | D:15     | Reached skill level 10 in Long Blades
 40510 | D:15     | Reached skill level 10 in Axes
 40510 | D:15     | Reached skill level 10 in Maces & Flails
 40510 | D:15     | Reached skill level 10 in Polearms
 40510 | D:15     | Reached skill level 10 in Staves
 40510 | D:15     | Reached skill level 10 in Slings
 40510 | D:15     | Reached skill level 10 in Bows
 40510 | D:15     | Reached skill level 10 in Crossbows
 40510 | D:15     | Reached skill level 10 in Throwing
 40510 | D:15     | Reached skill level 10 in Armour
 40510 | D:15     | Reached skill level 10 in Shields
 40510 | D:15     | Reached skill level 10 in Unarmed Combat
 40510 | D:15     | Reached skill level 10 in Evocations
 40810 | D:15     | Found a staircase to the Depths.
 40960 | D:15     | Found a runed translucent door.
 41601 | Spider:1 | Entered Level 1 of the Spider Nest
 42435 | Spider:1 | Reached skill level 11 in Invocations
 42924 | Spider:1 | Noticed an emperor scorpion
 43080 | Spider:1 | Killed an emperor scorpion
 43565 | Spider:1 | Reached XP level 16. HP: 109/122 MP: 25/31
 44343 | Spider:2 | Noticed Arachne
 44371 | Spider:2 | Killed Arachne
 45694 | Spider:3 | Identified the ring of Ypuclokk {rC++ Str+3 Int+2 Dex-5
                  | Stlth-}
 46182 | Spider:3 | Noticed Agnes
 46189 | Spider:3 | Killed Agnes
 46247 | Spider:3 | Found a runed translucent gate.
 46247 | Spider:3 | Found a runed translucent gate.
 46248 | Spider:3 | Found a runed translucent gate.
 46290 | Spider:3 | Noticed Irihav's ghost (adept GrFi)
 47070 | Spider:4 | Entered Level 4 of the Spider Nest
 47925 | Spider:4 | Reached XP level 17. HP: 117/131 MP: 23/33
 48146 | Spider:4 | Reached skill level 12 in Invocations
 50570 | Spider:4 | Got a gossamer rune of Zot
 50818 | Swamp:1  | Entered Level 1 of the Swamp
 51207 | Swamp:1  | Reached skill level 10 in Transmutations
 51984 | Swamp:2  | Reached ****** piety under Ashenzari
 52813 | Swamp:2  | Noticed Frances
 52824 | Swamp:2  | Killed Frances
 53485 | Swamp:3  | Noticed Bai Suzhen
 53519 | Swamp:3  | Killed Bai Suzhen
 53644 | Swamp:3  | Reached skill level 10 in Conjurations
 53644 | Swamp:3  | Reached skill level 10 in Hexes
 53644 | Swamp:3  | Reached skill level 10 in Charms
 53644 | Swamp:3  | Reached skill level 10 in Summonings
 53644 | Swamp:3  | Reached skill level 10 in Necromancy
 53644 | Swamp:3  | Reached skill level 10 in Translocations
 53644 | Swamp:3  | Reached skill level 10 in Fire Magic
 53644 | Swamp:3  | Reached skill level 10 in Ice Magic
 53644 | Swamp:3  | Reached skill level 10 in Air Magic
 53644 | Swamp:3  | Reached skill level 10 in Poison Magic
 54140 | Swamp:4  | Entered Level 4 of the Swamp
 54153 | Swamp:3  | Reached XP level 18. HP: 139/139 MP: 34/34
 54410 | Swamp:4  | Identified Roxanne's Reference Book on Earth
 54410 | Swamp:4  | Noticed Roxanne
 54422 | Swamp:4  | Noticed Aizul
 54739 | Swamp:4  | Killed Roxanne
 54754 | Swamp:4  | Killed Aizul
 55367 | Swamp:4  | Noticed the 27-headed Lernaean hydra
 55377 | Swamp:4  | Killed the 27-headed Lernaean hydra
 55400 | Swamp:4  | Got a decaying rune of Zot
 56102 | Elf:1    | Entered Level 1 of the Elven Halls
 56135 | Elf:1    | Reached skill level 13 in Invocations
 56353 | D:4      | Bought a book of Enchantments for 650 gold pieces
 56360 | D:4      | Learned a level 6 spell: Deflect Missiles
 56933 | Elf:1    | Found a transporter.
 56936 | Elf:1    | Found a bloodstained altar of Trog.
 56944 | Elf:1    | Identified the +6 longbow of Amorality {speed, rElec}
 56944 | Elf:1    | Noticed a deep elf master archer
 56944 | Elf:1    | Noticed a deep elf master archer
 56944 | Elf:1    | Identified the +6 rapier of the Tundras {antimagic, MR+}
 56944 | Elf:1    | Identified the +6 rapier of the Feather {antimagic, rElec
                  | rC+ Int-5 SInv}
 56944 | Elf:1    | Noticed a deep elf blademaster
 56945 | Elf:1    | Identified the cursed +1 rapier "Ewapaef" {antimagic, rPois
                  | rC- MR++ Stlth-}
 56945 | Elf:1    | Identified the +3 rapier of Doashrenn {pierce, SInv}
 56945 | Elf:1    | Noticed a deep elf blademaster
 56945 | Elf:1    | Noticed Aghide's ghost (journeyman DDFi)
 56961 | Elf:1    | Noticed a deep elf blademaster
 56972 | Elf:1    | Found a transporter.
 57973 | Elf:2    | Found Oneat's Antique Armour Shoppe.
 58373 | Elf:2    | Found a runed translucent gate.
 58373 | Elf:2    | Found a runed translucent gate.
 58373 | Elf:2    | Found a runed translucent gate.
 58749 | Elf:2    | Reached XP level 19. HP: 147/147 MP: 30/36
 59095 | Elf:3    | Entered Level 3 of the Elven Halls
 60103 | Elf:3    | Identified the +5 war axe of Insufficient Pleasure {freeze,
                  | rF- rN+ MR+ Dex+4}
 60103 | Elf:3    | Identified the +1 leather armour "Fuarruats" {rF+ Str+2}
 60332 | Elf:3    | Identified the ring of Ryt Zoar {rC+ rN+ Str+3 Int-3 Dex+3}
 60345 | Elf:3    | Identified the cursed +0 rapier of the Ring {pierce, *Slow
                  | +Blink rPois Int+8}
 60345 | Elf:3    | Identified the ring of Sif Muna's Delight {rF+ rN+ Dex+4}
 60416 | Elf:3    | Identified Vytahor's Beginning Course on the Arcane Arts
 60687 | Elf:3    | Got the uncursed chain mail of Death's Door {rF+ Int+4}
 60693 | Elf:3    | Identified the +3 chain mail of Death's Door {rF+ Int+4}
                  | (You found it on level 3 of the Elven Halls)
 60908 | Orc:2    | Bought a +5 amulet of reflection for 618 gold pieces
 61042 | Vaults:1 | Entered Level 1 of the Vaults
 61267 | Vaults:1 | Found Zones's Weapon Boutique.
 62580 | Vaults:1 | Noticed a lich
 62586 | Vaults:1 | Killed a lich
 62586 | Vaults:1 | Reached XP level 20. HP: 90/155 MP: 34/37
 62994 | Vaults:1 | Reached skill level 14 in Invocations
 63991 | Vaults:1 | Upgraded the game from 0.24-a0-630-g0d56a851f4 to
                  | 0.24-a0-639-gb70a11d811
 64038 | Vaults:2 | Noticed Xtahua
 64050 | Vaults:2 | Killed Xtahua
 64501 | Vaults:2 | Noticed Jory
 64842 | Vaults:2 | Killed Jory
 65622 | Vaults:2 | Found a staircase to the Crypt.
 65881 | Vaults:2 | Found a staircase to the Crypt.
 66693 | Vaults:3 | Found Pireseklog's Magic Scroll Emporium.
 67021 | Vaults:3 | Noticed Frederick
 67043 | Vaults:3 | Killed Frederick
 67296 | Vaults:3 | Noticed Asterion
 68146 | Vaults:3 | Reached XP level 21. HP: 151/163 MP: 39/39
 68299 | Vaults:3 | Bought a scroll of blinking for 112 gold pieces
 68315 | Vaults:3 | Noticed Donald
 68321 | Vaults:3 | Killed Donald
 68425 | Vaults:3 | Reached XP level 22. HP: 171/171 MP: 40/40
 68573 | Vaults:3 | Killed Asterion
 69508 | Vaults:4 | Identified the Handbook of Ensnaring Dislocation
 69517 | Vaults:4 | Learned a level 6 spell: Statue Form
 69580 | Vaults:4 | Found Zuewiam's Gadget Shop.
 69967 | Vaults:4 | Reached skill level 15 in Invocations
 70921 | Vaults:3 | Bought 2 scrolls of enchant weapon for 225 gold pieces
 70921 | Vaults:3 | Bought a scroll of magic mapping for 52 gold pieces
 71318 | Elf:3    | Identified the +1 robe "Gimeusi" {rElec rF++ rC+}
 71318 | Elf:3    | Identified the cursed +0 ring mail "Ritykh" {MR- Str+6}
                  | (You found it on level 6 of the Lair of Beasts)
 71405 | Orc:2    | Bought a scroll of summoning for 133 gold pieces
 71405 | Orc:2    | Bought a scroll of fear for 49 gold pieces
 71405 | Orc:2    | Bought a scroll of fog for 28 gold pieces
 71405 | Orc:2    | Bought a scroll of teleportation for 42 gold pieces
 71405 | Orc:2    | Bought a scroll of teleportation for 42 gold pieces
 71405 | Orc:2    | Bought a scroll of teleportation for 42 gold pieces
 71405 | Orc:2    | Bought a scroll of silence for 105 gold pieces
 71405 | Orc:2    | Bought a scroll of remove curse for 42 gold pieces
 71410 | Orc:2    | Bought a scroll of teleportation for 39 gold pieces
 71410 | Orc:2    | Bought a scroll of remove curse for 39 gold pieces
 71528 | Elf:1    | Killed Aghide's ghost
 71890 | Lair:5   | Killed Gassoqo's ghost
 72013 | Lair:2   | Killed Jabberih's ghost
 72208 | D:11     | Identified the +1 robe "Gimeusi" {rElec rF++ rC+}
 72234 | D:11     | Killed bmj180's ghost
 72444 | D:8      | Killed feelmyfire's ghost
 72643 | D:15     | Killed Wisiby's ghost
 72668 | Depths:1 | Entered Level 1 of the Depths
 72718 | D:15     | Reached XP level 23. HP: 129/178 MP: 39/41
 72876 | Depths:1 | Reached skill level 15 in Spellcasting
 73250 | Depths:1 | Found a gateway to Hell.
 73468 | Depths:1 | Reached skill level 15 in Dodging
 74556 | Depths:2 | Reached skill level 15 in Stealth
 74766 | Depths:2 | Noticed a golden dragon
 74766 | Depths:2 | a shadow dragon changed into a golden dragon
 74778 | Depths:2 | a golden dragon changed into a shadow dragon
 75623 | Depths:2 | Identified the ring "Ariamij" {rElec rN+ MR+++ Dex+3
                  | Stlth-}
 75752 | Depths:2 | Identified the Handbook of the Blind Marksman
 76504 | Depths:3 | Found a one-way gate leading to the halls of Pandemonium.
 76805 | Depths:3 | Paralysed by a floating eye for 4 turns
 76818 | Depths:3 | Paralysed by a floating eye for 4 turns
 77297 | Depths:3 | Found Ofokapt's Gadget Boutique.
 77298 | Depths:3 | Found Vunluox's Jewellery Emporium.
 77299 | Depths:3 | Found Lutualer's Gadget Boutique.
 78189 | Depths:4 | Reached skill level 16 in Invocations
 78230 | Depths:4 | Reached XP level 24. HP: 178/187 MP: 42/42
 78521 | Depths:4 | Paralysed by a floating eye for 3 turns
 78633 | Depths:4 | Reached skill level 15 in Fighting
 78633 | Depths:4 | Reached skill level 15 in Short Blades
 78633 | Depths:4 | Reached skill level 15 in Long Blades
 78633 | Depths:4 | Reached skill level 15 in Axes
 78633 | Depths:4 | Reached skill level 15 in Maces & Flails
 78633 | Depths:4 | Reached skill level 15 in Polearms
 78633 | Depths:4 | Reached skill level 15 in Staves
 78633 | Depths:4 | Reached skill level 15 in Slings
 78633 | Depths:4 | Reached skill level 15 in Bows
 78633 | Depths:4 | Reached skill level 15 in Crossbows
 78633 | Depths:4 | Reached skill level 15 in Throwing
 78633 | Depths:4 | Reached skill level 15 in Armour
 78633 | Depths:4 | Reached skill level 15 in Shields
 78633 | Depths:4 | Reached skill level 15 in Unarmed Combat
 78633 | Depths:4 | Reached skill level 15 in Evocations
 79390 | Depths:4 | Found a gateway to a ziggurat.
 79436 | Depths:4 | Found Duonoa's Serpentskin Sales.
 79482 | Depths:4 | Found a portal to a secret trove of treasure.
 79763 | Depths:4 | Found a one-way gate to the infinite horrors of the Abyss.
 80176 | Vaults:4 | Bought a wand of iceblast (6) for 140 gold pieces
 80235 | Vaults:5 | Entered Level 5 of the Vaults
 80477 | Vaults:5 | Noticed Margery
 80695 | Vaults:5 | Identified the +1 acid dragon scales of Esocu {rCorr Str-5
                  | Dex+5}
 80727 | Vaults:5 | Identified the +8 plate armour "Etosu" {rF+ rC+}
 80832 | Vaults:5 | Reached XP level 25. HP: 143/195 MP: 34/43
 81027 | Vaults:5 | Got a silver rune of Zot
 81286 | Vaults:5 | Noticed an ancient lich
 81329 | Vaults:5 | Killed an ancient lich
 81835 | Vaults:5 | Learned a level 1 spell: Apportation
 81853 | Vaults:5 | Identified the +4 plate armour "Davvyipy" {rC++}
 81945 | Vaults:5 | Identified the cursed +1 leather armour "Zicea" {rElec rF-
                  | rN++ Str+2}
 82020 | Vaults:5 | Killed Margery
 82037 | Vaults:5 | Reached skill level 17 in Invocations
 83433 | Orc:2    | Bought the ring "Muciam" {rF+ rC+ Dex+3 SInv} for 613 gold
                  | pieces
 83457 | Orc:2    | Bought a scroll of fear for 98 gold pieces
 83457 | Orc:2    | Bought a wand of digging (2) for 224 gold pieces
 83685 | Depths:5 | Entered Level 5 of the Depths
 83692 | Depths:5 | Noticed Boris
 83711 | Depths:5 | Killed Boris
 84087 | Depths:5 | Reached XP level 26. HP: 204/204 MP: 43/43
 84517 | Depths:5 | Found the +3 sling "Punk" {acid, rCorr}
 84878 | Depths:5 | Found a gate to the Realm of Zot.
 85510 | Zot:1    | Entered Level 1 of the Realm of Zot
 86439 | Zot:5    | Entered Level 5 of the Realm of Zot
 86938 | Zot:5    | Reached skill level 15 in Earth Magic
 87222 | Zot:5    | Noticed an ancient lich
 87273 | Zot:5    | Killed an ancient lich
 87342 | Zot:5    | Noticed a Killer Klown
 87433 | Zot:5    | Noticed an ancient lich
 87456 | Zot:5    | Killed an ancient lich
 87464 | Zot:5    | Noticed an electric golem
 87507 | Zot:5    | Noticed an ancient lich
 87513 | Zot:5    | Noticed a curse toe
 87529 | Zot:5    | Killed an ancient lich
 87529 | Zot:5    | Reached XP level 27. HP: 148/213 MP: 40/44
 87531 | Zot:5    | Killed a curse toe
 87532 | Zot:5    | Noticed an orb of fire
 87533 | Zot:5    | Gained mutation: Your magical capacity is low. (-10% MP)
                  | [an orb of fire]
 87535 | Zot:5    | Gained mutation: Scrolls take you a little longer to read.
                  | [an orb of fire]
 87541 | Zot:5    | Gained mutation: You are frail. (-10% HP) [an orb of fire]
 87550 | Zot:5    | Gained mutation: You are occasionally teleported next to
                  | monsters. [an orb of fire]
 87554 | Zot:5    | Killed an orb of fire
 87554 | Zot:5    | Reached skill level 18 in Invocations
 87568 | Zot:5    | Noticed an ancient lich
 87570 | Zot:5    | Noticed an ancient lich
 87572 | Zot:5    | Noticed an orb of fire
 87572 | Zot:5    | Noticed an orb of fire
 87573 | Zot:5    | Noticed an orb of fire
 87712 | Zot:5    | Gained mutation: Your spells are a little easier to cast,
                  | but a little less powerful. [an orb of fire]
 87722 | Zot:5    | Killed an orb of fire
 87814 | Zot:5    | Lost mutation: Your magical capacity is low. (-10% MP)
                  | [potion of mutation]
 87814 | Zot:5    | Lost mutation: Scrolls take you a little longer to read.
                  | [potion of mutation]
 87814 | Zot:5    | Gained mutation: You are clumsy. (Dex -2) [potion of
                  | mutation]
 87814 | Zot:5    | Gained mutation: You are surrounded by a mild repulsion
                  | field. (EV +2) [potion of mutation]
 87814 | Zot:5    | Gained mutation: You possess an exceptional clarity of
                  | mind. [potion of mutation]
 87814 | Zot:5    | Gained mutation: You are resistant to hostile enchantments.
                  | (MR+) [potion of mutation]
 87815 | Zot:5    | Lost mutation: You possess an exceptional clarity of mind.
                  | [potion of mutation]
 87815 | Zot:5    | Lost mutation: Your spells are a little easier to cast, but
                  | a little less powerful. [potion of mutation]
 87815 | Zot:5    | Lost mutation: You are resistant to hostile enchantments.
                  | (MR+) [potion of mutation]
 87815 | Zot:5    | Lost mutation: You are occasionally teleported next to
                  | monsters. [potion of mutation]
 87815 | Zot:5    | Gained mutation: You occasionally shout uncontrollably at
                  | your foes. [potion of mutation]
 87815 | Zot:5    | Gained mutation: You expend magic power (3 MP) to
                  | strengthen your wands. [potion of mutation]
 87872 | Zot:5    | Noticed an electric golem
 87889 | Zot:5    | Killed an electric golem
 87920 | Zot:5    | Noticed a curse toe
 87933 | Zot:5    | Killed a curse toe
 88063 | Zot:5    | Killed an ancient lich
 88096 | Zot:5    | Gained mutation: You tend to lose your temper in combat.
                  | [an orb of fire]
 88097 | Zot:5    | Gained mutation: You are occasionally teleported next to
                  | monsters. [an orb of fire]
 88101 | Zot:5    | Gained mutation: You are very frail. (-20% HP) [an orb of
                  | fire]
 88103 | Zot:5    | Gained mutation: You do not regenerate when monsters are
                  | visible. [an orb of fire]
 88106 | Zot:5    | Killed an orb of fire
 88210 | Zot:5    | Lost mutation: You are clumsy. (Dex -2) [potion of
                  | mutation]
 88210 | Zot:5    | Lost mutation: You are very frail. (-20% HP) [potion of
                  | mutation]
 88210 | Zot:5    | Lost mutation: You expend magic power (3 MP) to strengthen
                  | your wands. [potion of mutation]
 88210 | Zot:5    | Lost mutation: You tend to lose your temper in combat.
                  | [potion of mutation]
 88210 | Zot:5    | Gained mutation: You are partially covered in thin metallic
                  | scales. (AC +2) [potion of mutation]
 88211 | Zot:5    | Lost mutation: You are frail. (-10% HP) [potion of
                  | mutation]
 88211 | Zot:5    | Lost mutation: You do not regenerate when monsters are
                  | visible. [potion of mutation]
 88211 | Zot:5    | Gained mutation: You have a pair of small horns on your
                  | head. [potion of mutation]
 88211 | Zot:5    | Gained mutation: Your natural rate of healing is unusually
                  | fast. [potion of mutation]
 88211 | Zot:5    | Gained mutation: You possess an exceptional clarity of
                  | mind. [potion of mutation]
 88211 | Zot:5    | Gained mutation: You are mostly covered in thin metallic
                  | scales. (AC +3) [potion of mutation]
 88212 | Zot:5    | Lost mutation: You have a pair of small horns on your head.
                  | [potion of mutation]
 88212 | Zot:5    | Lost mutation: You occasionally shout uncontrollably at
                  | your foes. [potion of mutation]
 88212 | Zot:5    | Lost mutation: You are occasionally teleported next to
                  | monsters. [potion of mutation]
 88212 | Zot:5    | Lost mutation: You possess an exceptional clarity of mind.
                  | [potion of mutation]
 88212 | Zot:5    | Gained mutation: Armour fits poorly on your strangely
                  | shaped body. [potion of mutation]
 88212 | Zot:5    | Gained mutation: You are robust. (+10% HP) [potion of
                  | mutation]
 88375 | Zot:5    | Gained mutation: Your body sometimes deteriorates upon
                  | taking damage. [an orb of fire]
 88377 | Zot:5    | Gained mutation: You are weak. (Str -2) [an orb of fire]
 88380 | Zot:5    | Gained mutation: Your magical capacity is low. (-10% MP)
                  | [an orb of fire]
 88411 | Zot:5    | Gained mutation: You are very weak. (Str -4) [an orb of
                  | fire]
 88429 | Zot:5    | Noticed an ancient lich
 88434 | Zot:5    | Gained mutation: You are occasionally teleported next to
                  | monsters. [an orb of fire]
 88435 | Zot:5    | Gained mutation: Your magical capacity is very low. (-20%
                  | MP) [an orb of fire]
 88440 | Zot:5    | Lost mutation: You are occasionally teleported next to
                  | monsters. [an orb of fire]
 88449 | Zot:5    | Killed an orb of fire
 88450 | Zot:5    | Killed an ancient lich
 88467 | Zot:5    | Killed an electric golem
 88469 | Zot:5    | Killed an ancient lich
 88636 | Zot:5    | Lost mutation: Armour fits poorly on your strangely shaped
                  | body. [potion of mutation]
 88636 | Zot:5    | Lost mutation: You are very weak. (Str -4) [potion of
                  | mutation]
 88636 | Zot:5    | Gained mutation: You expend magic power (3 MP) to
                  | strengthen your wands. [potion of mutation]
 88637 | Zot:5    | Lost mutation: Your magical capacity is very low. (-20% MP)
                  | [potion of mutation]
 88637 | Zot:5    | Lost mutation: You expend magic power (3 MP) to strengthen
                  | your wands. [potion of mutation]
 88637 | Zot:5    | Lost mutation: Your body sometimes deteriorates upon taking
                  | damage. [potion of mutation]
 88637 | Zot:5    | Lost mutation: You are weak. (Str -2) [potion of mutation]
 88637 | Zot:5    | Gained mutation: Your system is resistant to poisons.
                  | (rPois) [potion of mutation]
 88642 | Zot:5    | Got the Orb of Zot
 88810 | Zot:2    | Noticed Dim Xius the pandemonium lord
 88953 | Depths:5 | Noticed a seraph
 89320 | D:5      | Reached skill level 15 in Transmutations
 89412 | D:$      | Escaped with the Orb!

Levels and vault maps discovered:
D:1:      dpeg_arrival_rhombus, layout_basic, st_stairs_5, minmay_vboxes
D:2:      layout_basic, grunt_temple_overflow_gold_and_silver,
          lemuel_crystal_altar, nicolae_overflow_crystal_walls, minitemple,
          first_ration, lemuel_altar_in_water, uniq_jessica, uniq_terence
D:3:      layout_rooms, uniq_crazy_yiuf_cottage
D:4:      layout_basic, bloody_trog, old_standard_altar,
          minmay_temple_entry_offerings, serial_shops,
          nicolae_shop_temple_entry_statues_fountains, shop, shop
D:5:      layout_loops_ring, basic_altar
D:6:      layout_loops_ring, corexii_item_surrounded_by_moat, uniq_sigmund,
          uniq_grinder, uniq_blork_the_orc
D:7:      layout_cave_pools, chequers_serial_rivers_marsh
D:8:      layout_rooms, makhleb_altar_promises_db,
          nicolae_qazlal_general_emergency, kiku_gazebo_garden_becter,
          gammafunk_ghost_berserking_beasts, serial_shops,
          nicolae_shop_behind_doors, uniq_prince_ribbit1
D:9:      minmay_statue_hallways, layout_basic, lair_entry_dummy
D:10:     layout_loops_ring, hangedman_ranch [blue_anna_fruit_fields]
D:11:     layout_stronghold, basic_altar, gammafunk_ghost_hive, enter_bailey_3,
          grunt_ministairs_6
D:12:     layout_long_grid, orc_0_dummy, basic_altar
D:13:     layout_basic, david_vaults_5, minmay_st_funbox, lemuel_tele_altar
D:14:     layout_cave_pools, kennysheep_cluttered_room
D:15:     hangedman_depths_entry_civil_slaughter, layout_long_grid,
          gammafunk_ghost_grave, dispersion_dpeg, uniq_louise, uniq_nessos
Lair:1:   beast_lair_carwin_large_4, layout_small_grid
Lair:2:   layout_regular_city, swamp_mist_pool, ebering_ghost_reflecting_pool
Lair:3:   layout_roguey, spider_nest_entry_webs, bh_chokoban
Lair:4:   layout_concentric_octagons, grunt_forest_large_clearings,
          grunt_megastairs_5, infiniplex_staircase_pool
Lair:5:   layout_roguey, dpeg_slime_entry_enclosed_altar, gammafunk_ghost_split,
          infiniplex_staircase_pool_2
Lair:6:   minmay_lair_end_frog_pond, layout_cave_pods,
          hangedman_lair_generics_rect
Swamp:1:  layout_basic_swamp, evilmike_swamp_ruin_house_2
Swamp:2:  layout_basic_swamp, nicolae_swamp_feature_on_the_river_bank,
          swamp_pool3, uniq_frances
Swamp:3:  layout_basic_swamp, evilmike_swamp_ruin_house_3, uniq_bai_suzhen
Swamp:4:  grunt_swamp_rune_castle, layout_basic_swamp, uniq_aizul, uniq_roxanne
Spider:1: lemuel_spider_zombies
Spider:2: layout_spider_delve, nicolae_arachne_temple
Spider:3: layout_chambers, ebering_ghost_rock_garden, uniq_agnes, uniq_arachne
Spider:4: grunt_spider_rune_parallel
Orc:1:    layout_diamond_mine, mines2_david, uniq_josephine, uniq_erica
Orc:2:    st_orc_rangers, layout_caves, serial_shops, nicolae_shop_behind_doors,
          nicolae_shop_trees, nicolae_shop_window_shopping, shop,
          nicolae_shop_window_shopping, mines_bat_river
Elf:1:    layout_loops_cross, gammafunk_ghost_wrathful_warriors, minivault_28,
          grunt_ministairs_4, uniq_asterion
Elf:2:    layout_onion_city, serial_shops, nicolae_shop_stone, drop_trap
Elf:3:    elf_hall, layout_geoelf_octagon
Vaults:1: vaults_room_pools, vaults_room_ringed_pool, v_misc_28, v_misc_5,
          nicolae_vaults_little_squares_1, vaults_mumra_chevron,
          v_alt_pattern_4, v_misc_8, st_more_cells, grunt_vaults_focal,
          dpeg_vaults_monster_box, nicolae_vaults_mini_display_case,
          layout_vaults_chaotic_city
Vaults:2: ontoclasm_vaults_ring_large, hangedman_vaults_trim,
          vaults_room_corners, v_misc_14, minmay_crypt_entry_simple_sparse,
          vaults_room_stairs_pillars, layout_vaults_omnigrid, uniq_jory,
          uniq_xtahua
Vaults:3: nicolae_vaults_big_ls, hangedman_vaults_stagger,
          nicolae_vaults_three_branches, vaults_dpeg_doors, v_misc_25,
          grunt_vaults_hallway_short, nicolae_vaults_what_the_h, sword_in_stone,
          v_misc_4, vaults_mumra_minichess, nicolae_vaults_little_ls,
          ontoclasm_vaults_ligature, layout_vaults_ring, serial_shops,
          nicolae_shop_statue_plus, uniq_donald, uniq_frederick
Vaults:4: vaults_room_fancy_cross, vaults_room_corners, vaults_room_door_ring,
          hangedman_vaults_unwind, nicolae_vaults_sealed_display, v_misc_29,
          v_pattern_1, nicolae_vaults_stairing_the_circle,
          ontoclasm_vaults_tryst, st_quartered_hall, layout_vaults_omnibox,
          serial_shops, shop_coins
Vaults:5: serial_shops, uniq_margery
Depths:1: layout_gridville, mu_enter_wizlab_5, grunt_hell_horde, fountainhead,
          minmay_misc_feat_plants, kennysheep_windowed_goal
Depths:2: radiant_caverns_b_rkd, hell_entry, serial_shops
Depths:3: minmay_connected_triangles_in_corner, layout_gridlike,
          hangedman_coc_ice_floe, pan_entry, minmay_crystal_water,
          minmay_shop_grove
Depths:4: minmay_crescents, layout_cave_pools, enter_ziggurat_e,
          grunt_decor_clamped, grunt_hell_entry_dis_grunt,
          abyss_entry_small_statue_room, pan_entry, nicolae_trove_entry_crystal,
          guppyfry_shop_venom
Depths:5: evilmike_zot_entry_gauntlet, layout_small_grid, abandoned_shop,
          hell_entry, hangedman_decor_lopped, minivault_1, minmay_orc_keep,
          uniq_boris
Zot:1:    layout_basic
Zot:2:    layout_gridlike
Zot:3:    kennysheep_oblong_rooms, layout_gridlike
Zot:4:    layout_gridlike, st_stairs_8
Zot:5:    layout_misc_corridors

Skill      XL: |  1  2  3  4  5  6  7  8  9 10 11 12 13 14 15 16 17 18 19 20 21 22 23 24 25 26 27 |
---------------+----------------------------------------------------------------------------------+-----
Transmutations | 2 3 4 5 6 7 8 9 10 11 12 13 14 15 | 15.0
Spellcasting   | 5 6 7 8 9 10 11 12 13 14 15 16 17 | 17.7
Invocations    | 1 2 3 4 5 6 7 8 9 10 11 12 13 14 15 16 17 18 | 18.5
Fighting       | 1 2 3 4 5 6 7 8 9 10 11 12 13 14 15 16 17 | 17.2
Short Blades   | 1 2 3 4 5 6 7 8 9 10 11 12 13 14 15 16 17 | 17.2
Long Blades    | 1 2 3 4 5 6 7 8 9 10 11 12 13 14 15 16 17 | 17.2
Axes           | 1 2 3 4 5 6 7 8 9 10 11 12 13 14 15 16 17 | 17.2
Maces & Flails | 1 2 3 4 5 6 7 8 9 10 11 12 13 14 15 16 17 | 17.2
Polearms       | 1 2 3 4 5 6 7 8 9 10 11 12 13 14 15 16 17 | 17.2
Staves         | 1 2 3 4 5 6 7 8 9 10 11 12 13 14 15 16 17 | 17.2
Slings         | 1 2 3 4 5 6 7 8 9 10 11 12 13 14 15 16 17 | 17.2
Bows           | 1 2 3 4 5 6 7 8 9 10 11 12 13 14 15 16 17 | 17.2
Crossbows      | 1 2 3 4 5 6 7 8 9 10 11 12 13 14 15 16 17 | 17.2
Throwing       | 1 2 3 4 5 6 7 8 9 10 11 12 13 14 15 16 17 | 17.2
Armour         | 1 2 3 4 5 6 7 8 9 10 11 12 13 14 15 16 17 | 17.2
Shields        | 1 2 3 4 5 6 7 8 9 10 11 12 13 14 15 16 17 | 17.2
Unarmed Combat | 1 2 3 4 5 6 7 8 9 10 11 12 13 14 15 16 17 | 17.2
Evocations     | 1 2 3 4 5 6 7 8 9 10 11 12 13 14 15 16 17 | 17.2
Conjurations   | 1 2 3 4 5 6 7 8 9 10 11 12 13 14 | 14.8
Hexes          | 1 2 3 4 5 6 7 8 9 10 11 12 13 14 | 14.8
Charms         | 1 2 3 4 5 6 7 8 9 10 11 12 13 14 | 14.8
Summonings     | 1 2 3 4 5 6 7 8 9 10 11 12 13 14 | 14.8
Necromancy     | 1 2 3 4 5 6 7 8 9 10 11 12 13 14 | 14.8
Translocations | 1 2 3 4 5 6 7 8 9 10 11 12 13 14 | 14.8
Fire Magic     | 1 2 3 4 5 6 7 8 9 10 11 12 13 14 | 14.8
Ice Magic      | 1 2 3 4 5 6 7 8 9 10 11 12 13 14 | 14.8
Air Magic      | 1 2 3 4 5 6 7 8 9 10 11 12 13 14 | 14.8
Poison Magic   | 1 2 3 4 5 6 7 8 9 10 11 12 13 14 | 14.8
Dodging        | 5 6 7 8 9 10 11 12 13 14 15 16 17 | 17.6
Stealth        | 5 6 7 8 9 10 11 12 13 14 15 16 17 | 17.6
Earth Magic    | 6 7 8 9 10 11 12 13 14 15 | 15.6

Action                   |  1- 3 |  4- 6 |  7- 9 | 10-12 | 13-15 | 16-18 | 19-21 | 22-24 | 25-27 || total
-------------------------+-------+-------+-------+-------+-------+-------+-------+-------+-------++-------
Melee: Unarmed           |    12 |       |       |       |       |       |       |       |       ||    12
       Bite              |     5 |    10 |    12 |    60 |    52 |   133 |    53 |   457 |   404 ||  1186
       Whip              |    18 |       |       |       |       |       |       |       |       ||    18
       Dagger            |    17 |       |       |       |       |       |       |       |       ||    17
       Short sword       |    58 |    40 |       |       |       |       |       |       |       ||    98
       Hand axe          |     9 |       |       |       |       |       |       |       |       ||     9
       Trident           |       |    60 |       |       |       |       |       |       |       ||    60
       Punch             |       |     1 |     4 |    14 |    15 |       |       |       |       ||    34
       War axe           |       |    18 |    20 |       |       |       |       |       |       ||    38
       Scimitar          |       |       |   100 |   374 |   202 |       |       |       |       ||   676
       Double sword      |       |       |       |       |   135 |   648 |   259 |   817 |   268 ||  2127
       Broad axe         |       |       |       |       |       |       |       |  1627 |  1650 ||  3277
 Fire: Hunting sling     |       |       |       |   218 |  1666 |    19 |       |       |       ||  1903
       Fustibalus        |       |       |       |       |    85 |       |       |       |       ||    85
       Hand crossbow     |       |       |       |       |    31 |  1013 |   902 |   122 |    89 ||  2157
Throw: Stone             |     1 |     3 |     7 |       |       |     1 |       |       |       ||    12
       Javelin           |       |       |    21 |    45 |    41 |    73 |     7 |    82 |    63 ||   332
       Dart              |       |       |     5 |    16 |     5 |       |       |       |       ||    26
       Throwing net      |       |       |       |       |       |       |       |       |     1 ||     1
 Cast: Sandblast         |    24 |    22 |    53 |     9 |       |       |       |       |       ||   108
       Stone Arrow       |     1 |     5 |     7 |    12 |       |       |       |       |       ||    25
       Magic Dart        |       |    31 |    94 |   306 |    45 |       |       |       |       ||   476
       Sticks to Snakes  |       |     2 |    19 |    19 |    29 |     4 |     5 |       |       ||    78
       Petrify           |       |       |    16 |    26 |     4 |    13 |       |       |       ||    59
       Blink             |       |       |     5 |    12 |     5 |     6 |       |     1 |       ||    29
       Confuse           |       |       |       |    64 |    29 |     1 |       |       |       ||    94
       Passwall          |       |       |       |     4 |       |       |       |       |       ||     4
       Lee's Rapid Decon |       |       |       |     5 |     3 |       |       |       |       ||     8
       Summon Lightning  |       |       |       |    48 |   164 |    90 |    63 |    18 |    14 ||   397
       Regeneration      |       |       |       |       |    45 |    61 |    39 |    50 |    56 ||   251
       Airstrike         |       |       |       |       |     7 |       |     1 |       |       ||     8
       Deflect Missiles  |       |       |       |       |       |     6 |     9 |    15 |    15 ||    45
       Statue Form       |       |       |       |       |       |       |       |     7 |     7 ||    14
       Apportation       |       |       |       |       |       |       |       |       |    34 ||    34
Invok: Curse Item        |       |       |       |     1 |     1 |     1 |     2 |     2 |     2 ||     9
       Scrying           |       |       |       |       |     1 |       |       |       |       ||     1
 Abil: End Transformatio |       |       |       |       |       |       |       |       |     1 ||     1
Evoke: Wand              |       |       |       |    15 |    35 |     8 |    16 |    11 |     7 ||    92
       Lamp of fire      |       |       |       |       |       |       |       |     2 |       ||     2
       Phantom mirror    |       |       |       |       |       |       |       |       |     1 ||     1
  Use: Scroll            |       |     7 |    11 |    12 |    16 |    11 |    11 |    16 |    15 ||    99
       Potion            |       |       |     4 |     4 |     3 |     5 |     3 |     8 |    24 ||    51
 Stab: Sleeping          |     5 |    14 |     2 |     9 |     5 |     4 |     1 |    13 |     4 ||    57
       Petrified         |       |       |    28 |    35 |       |    23 |       |       |       ||    86
       Petrifying        |       |       |     1 |     2 |       |     4 |       |       |       ||     7
       Confused          |       |       |       |    15 |     4 |     2 |       |       |       ||    21
       Distracted        |       |       |       |     3 |     7 |    13 |     5 |    14 |     6 ||    48
       Paralysed         |       |       |       |       |     3 |     5 |       |       |       ||     8
       Invisible         |       |       |       |       |       |       |       |       |     6 ||     6
       Held in net/web   |       |       |       |       |       |       |       |       |     1 ||     1
  Eat: Chunk             |     3 |     9 |     6 |    27 |    39 |     9 |     8 |    13 |     5 ||   119
       Ration            |       |       |     4 |     7 |    11 |    12 |     7 |    12 |    12 ||    65
Armor: Robe              |    20 |    15 |    26 |   124 |    39 |       |       |       |       ||   224
       Ring mail         |       |       |       |    54 |    27 |       |       |       |       ||    81
       Scale mail        |       |       |       |       |   303 |   582 |   122 |   565 |   422 ||  1994
       Skin              |       |       |       |       |       |     1 |       |    24 |   108 ||   133
Dodge: Dodged            |    91 |    98 |   148 |   610 |   763 |   752 |   265 |  1343 |  1345 ||  5415
       Deflected         |       |       |       |       |       |    35 |    41 |   145 |   126 ||   347
Block: Other             |       |       |       |    50 |    44 |       |       |       |       ||    94
       Reflection        |       |       |       |       |     8 |    45 |    71 |    62 |    53 ||   239
       Shield            |       |       |       |       |   184 |  1004 |   674 |  2681 |  2333 ||  6876
       Rpst.: Scimitar   |       |       |    33 |   108 |    54 |       |       |       |       ||   195
       Double sword      |       |       |       |       |    15 |    93 |    23 |    63 |    16 ||   210

Table legend:
 A = Non-vault XP
 B = Vault XP
 C = Vault XP percentage of total XP
 D = Non-vault monster count
 E = Vault monster count
 F = Vault count percentage of total count
                 A         B        C        D         E       F
            +---------+---------+-------+---------+---------+-------
      Total |  584569 |  711745 |  54.9 |    1476 |     893 |  37.7
            +---------+---------+-------+---------+---------+-------
        D:1 |      66 |      14 |  17.5 |      33 |       8 |  19.5
        D:2 |      82 |      73 |  47.1 |      21 |       2 |   8.7
        D:3 |      80 |      44 |  35.5 |      24 |       1 |   4.0
        D:4 |     288 |       0 |   0.0 |      12 |       0 |   0.0
        D:5 |     760 |       0 |   0.0 |      28 |       0 |   0.0
        D:6 |     792 |     588 |  42.6 |      22 |       3 |  12.0
        D:7 |     808 |       0 |   0.0 |      19 |       0 |   0.0
        D:8 |    2199 |    1885 |  46.2 |      29 |       6 |  17.1
        D:9 |    3182 |     944 |  22.9 |      57 |       2 |   3.4
       D:10 |    2832 |    1954 |  40.8 |      24 |       7 |  22.6
       D:11 |    3213 |    2512 |  43.9 |      30 |      14 |  31.8
       D:12 |    3850 |       0 |   0.0 |      26 |       0 |   0.0
       D:13 |    6496 |    3908 |  37.6 |      41 |      10 |  19.6
       D:14 |    1109 |       0 |   0.0 |       7 |       0 |   0.0
       D:15 |   12053 |   11681 |  49.2 |      28 |      13 |  31.7
     Lair:1 |    3888 |    1478 |  27.5 |      28 |      10 |  26.3
     Lair:2 |    4225 |     943 |  18.2 |      26 |       1 |   3.7
     Lair:3 |    4789 |    1973 |  29.2 |      25 |      17 |  40.5
     Lair:4 |    1856 |    1971 |  51.5 |      14 |      21 |  60.0
     Lair:5 |    5660 |    3004 |  34.7 |      27 |       5 |  15.6
     Lair:6 |    5005 |   13083 |  72.3 |      18 |      54 |  75.0
    Swamp:1 |    8465 |       0 |   0.0 |      20 |       0 |   0.0
    Swamp:2 |   10701 |    1705 |  13.7 |      36 |       1 |   2.7
    Swamp:3 |   11868 |    5294 |  30.8 |      32 |       1 |   3.0
    Swamp:4 |   10174 |   22666 |  69.0 |      21 |      35 |  62.5
   Spider:1 |   18546 |   12097 |  39.5 |      57 |      32 |  36.0
   Spider:2 |    5465 |   11817 |  68.4 |      15 |      33 |  68.8
   Spider:3 |   14007 |    4077 |  22.5 |      33 |       7 |  17.5
   Spider:4 |   11981 |   19762 |  62.3 |      44 |      45 |  50.6
      Orc:1 |    3652 |    2298 |  38.6 |      52 |      12 |  18.8
      Orc:2 |    2326 |    4033 |  63.4 |      39 |      66 |  62.9
      Elf:1 |   10006 |   21416 |  68.2 |      20 |      21 |  51.2
      Elf:2 |   21934 |    1799 |   7.6 |      41 |       2 |   4.7
      Elf:3 |    6359 |   29871 |  82.4 |      13 |      24 |  64.9
   Vaults:1 |   43578 |   18807 |  30.1 |      90 |      27 |  23.1
   Vaults:2 |   19546 |    9766 |  33.3 |      45 |       7 |  13.5
   Vaults:3 |   24744 |   36504 |  59.6 |      44 |      42 |  48.8
   Vaults:4 |   43982 |   45227 |  50.7 |      60 |      50 |  45.5
   Vaults:5 |   20724 |  130969 |  86.3 |      31 |      81 |  72.3
   Depths:1 |   38757 |    3190 |   7.6 |      58 |       9 |  13.4
   Depths:2 |       0 |   57305 | 100.0 |       0 |      99 | 100.0
   Depths:3 |   23552 |      10 |   0.0 |      30 |       1 |   3.2
   Depths:4 |   55782 |   21031 |  27.4 |      73 |      13 |  15.1
   Depths:5 |   27569 |   36019 |  56.6 |      27 |      30 |  52.6
      Zot:1 |   23389 |       0 |   0.0 |      13 |       0 |   0.0
      Zot:2 |   23862 |       0 |   0.0 |      18 |       0 |   0.0
      Zot:4 |    3513 |       0 |   0.0 |       2 |       0 |   0.0
      Zot:5 |   36854 |  168402 |  82.0 |      23 |      42 |  64.6
     Bailey |       0 |    1625 | 100.0 |       0 |      39 | 100.0
            +---------+---------+-------+---------+---------+-------
